 Dungeon Crawl Stone Soup version 0.31-a0-187-gba352fbbf7 (webtiles) character file.

Game seed: 11875269670681625081

1052 qw the Skirmisher (level 8, -1/42 (46) HPs)
             Began as a Deep Elf Hunter on June 22, 2023.
             Slain by a wight
             ... wielding a +3 flail
              (3 damage)
             ... on level 5 of the Dungeon.
             The game lasted 00:01:32 (3896 turns).

qw the Skirmisher (Deep Elf Hunter)                 Turns: 3896, Time: 00:01:33

HP:   -1/42 (46)    AC:  7    Str: 10    XL:     8   Next: 5%
MP:   10/10         EV: 11    Int: 18    God:
Gold: 164           SH:  0    Dex: 18    Spells: 7/7 levels left

rFire   . . .        f - +0 orcbow of Zaixijing {freeze, Int+3}
rCold   + . .        (shield currently unavailable)
rNeg    . . .        j - +0 ring mail
rPois   .            i - +0 helmet
rElec   .            k - +0 cloak
rCorr   .            (no gloves)
SInv    .            (no boots)
Will    .....        (no amulet)
Stlth   +            m - ring of protection from cold
HPRegen 0.27/turn    (no ring)
MPRegen 0.12/turn

%: no passive effects
@: about to teleport, drained
A: no striking features
a: no special abilities


You were on level 5 of the Dungeon.
You visited 1 branch of the dungeon, and saw 5 of its levels.

You collected 164 gold pieces.


   Skills:
 - Level 3.0 Fighting
 - Level 12.1 Ranged Weapons
 - Level 1.0 Armour
 + Level 3.6 Dodging
 - Level 1.2 Stealth


You had 7 spell levels left.
You didn't know any spells.
Your spell library was empty.

Inventory:

Hand Weapons
 f - the +0 orcbow of Zaixijing (weapon) {freeze, Int+3}
   (You found it on level 4 of the Dungeon)

   Int:       It affects your intelligence (+3).
Armour
 i - a +0 helmet (worn)
 j - a +0 ring mail (worn)
 k - a +0 cloak (worn)
Jewellery
 m - a ring of protection from cold (left hand)
Scrolls
 b - 2 scrolls of identify
 n - a scroll of vulnerability {unknown}
Potions
 a - 2 potions of curing
 c - a potion of haste
 d - a potion of cancellation {unknown}
 e - 2 potions of might {unknown}
 g - 3 potions of heal wounds
 h - a potion of enlightenment {unknown}

Dungeon Overview and Level Annotations

Branches:
Dungeon (5/15)
 Temple: D:4-7

Altars:
Ashenzari
Dithmenos
Elyvilon
Ru
Uskayaw


Message History

Enter note:
Enter note:
Enter note:
Enter note:
Enter note: You shoot an arrow.
The arrow barely misses the wight.
You shoot an arrow. The arrow closely misses the wight.
You shoot an arrow.
The arrow hits the wight but does no damage.
You shoot an arrow. The arrow hits the wight.
The wight is moderately damaged.
The wight completely misses you.
You shoot an arrow. The arrow closely misses the wight. x2
The wight hits you from afar with a +0 spear.
You shoot an arrow. The arrow hits the wight.
The wight is severely damaged.
The wight hits you but does no damage. The wight hits you with a +3 flail!
You shoot an arrow.
The arrow hits the wight but does no damage.
The wight is severely damaged.
The wight hits you from afar with a +0 spear.
You feel drained. The wight hits you with a +3 flail.
You feel drained.
You shoot an arrow. The arrow barely misses the wight.
The wight hits you with a +3 flail! The wight misses you.
You shoot an arrow.
The arrow hits the wight but does no damage.
The wight is severely damaged.
The wight hits you with a +3 flail! The wight closely misses you.
You shoot an arrow.
The arrow hits the wight but does no damage.
The wight is severely damaged.
The wight misses you.
The wight hits you from afar with a +0 spear.
You feel drained.
3896 ||| READING scroll of teleportation.
As you read the scroll of teleportation, it crumbles to dust.
You feel strangely unstable.
The wight hits you from afar with a +0 spear.
The wight hits you with a +3 flail.
You die...

...#....##### ##....[.# ..##....#
####......# ..##....##.
##.>######## ....[.......
#........... ......)......
#...........
#######################.##..##.##
.. ..........#.##.######.## ..
.......z..#............. ..
.....z.@..'............. ..
..........#######.##..## ########
#######.....#..##.##..## ........
#...#.....#........... ........
#...#.....#........... ........
#...#.....'........... '######
#####.##.....#..##.#####.
....#####..##.#......#..##.##.##.
....#..#......#......#..#........


You could see 2 wights.

Vanquished Creatures
  A wyvern (D:4)
  A water moccasin (D:5)
  A black bear (D:5)
  A phantom (D:4)
  A gnoll sergeant (D:4)
  A bullfrog (D:3)
  2 hounds (D:4)
  A jelly (D:4)
  An orc priest (D:4)
  A sleepcap (D:4)
  Jessica (D:2)
  Terence (D:3)
  An orc wizard (D:4)
  8 gnolls
  10 adders
  4 worms
  A dart slug (D:1)
  9 orcs (D:4)
  7 ball pythons
  5 bats
  13 endoplasms
  5 giant cockroaches
  7 goblins
  8 hobgoblins
  3 jackals
  9 kobolds
  6 quokkas
  7 rats
116 creatures vanquished.

Notes
Turn   | Place    | Note
-------+----------+-------------------------------------------
     0 | D:1      | qw the Deep Elf Hunter began the quest for the Orb.
     0 | D:1      | Reached XP level 1. HP: 12/12 MP: 3/3
     0 | D:1      | 0 ||| qw: Version: 0.3-a-9-g12657ce
     0 | D:1      | 0 ||| qw: Game counter: 2190
     0 | D:1      | 0 ||| qw: Always use a shield: true
     0 | D:1      | 0 ||| qw: God list: Okawaru
     0 | D:1      | 0 ||| qw: Allow faded altars: false
     0 | D:1      | 0 ||| qw: Do Orc after D:15 true
     0 | D:1      | 0 ||| qw: Do second Lair branch before Depths: true
     0 | D:1      | 0 ||| qw: Lair rune preference: random
     0 | D:1      | 0 ||| qw: Plans: Normal
     0 | D:1      | 0 ||| PLANNING D:1-11
   167 | D:1      | Reached skill level 6 in Ranged Weapons
   167 | D:1      | Reached XP level 2. HP: 16/16 MP: 4/4
   532 | D:1      | Reached XP level 3. HP: 20/20 MP: 5/5
   787 | D:1      | 787 ||| UPGRADING to +0 ring mail.
   797 | D:1      | 797 ||| DROPPING +0 leather armour.
   798 | D:1      | 798 ||| UPGRADING to +0 cloak.
   803 | D:1      | 803 ||| DROPPING ring of magical power.
   804 | D:1      | 804 ||| READING scroll labelled TODOGU LYUGH.
   805 | D:1      | 805 ||| READING scroll labelled OWKUUN CUS YHO.
   806 | D:1      | 806 ||| DRINKING 2 clear potions.
   807 | D:1      | 807 ||| DRINKING 2 red potions.
   808 | D:1      | 808 ||| DROPPING scroll of butterflies.
   809 | D:1      | 809 ||| DROPPING potion of brilliance.
   876 | D:2      | Reached skill level 7 in Ranged Weapons
  1004 | D:2      | Reached XP level 4. HP: 20/25 MP: 6/6
  1030 | D:2      | Noticed Jessica
  1034 | D:2      | Killed Jessica
  1071 | D:2      | Reached skill level 8 in Ranged Weapons
  1139 | D:2      | 1139 ||| FLEEEEING.
  1140 | D:2      | 1140 ||| FLEEEEING.
  1141 | D:2      | 1141 ||| FLEEEEING.
  1142 | D:2      | 1142 ||| FLEEEEING.
  1143 | D:2      | 1143 ||| FLEEEEING.
  1144 | D:2      | 1144 ||| FLEEEEING.
  1145 | D:2      | 1145 ||| FLEEEEING.
  1146 | D:2      | 1146 ||| FLEEEEING.
  1147 | D:2      | 1147 ||| FLEEEEING.
  1148 | D:2      | 1148 ||| STAIRDANCE
  1166 | D:1      | 1166 ||| READING scroll labelled WESHRI RYKHLUOMN.
  1167 | D:1      | 1167 ||| DRINKING 3 fuming sapphire potions.
  1178 | D:2      | Reached XP level 5. HP: 29/29 MP: 7/7
  1486 | D:2      | 1486 ||| READING scroll of enchant weapon.
  1486 | D:2      | 1486 ||| ENCHANTING +1 shortbow.
  1605 | D:3      | 1605 ||| STAIRDANCE
  1713 | D:3      | Found a broken altar of Ashenzari.
  1718 | D:3      | Reached skill level 9 in Ranged Weapons
  1794 | D:3      | Noticed Terence
  1804 | D:3      | Killed Terence
  1805 | D:3      | Reached XP level 6. HP: 29/35 MP: 8/8
  1920 | D:3      | Found a faded altar of an unknown god.
  2459 | D:3      | 2459 ||| UPGRADING to +0 helmet.
  2464 | D:3      | 2464 ||| READING scroll labelled CIZUORPHAAK.
  2465 | D:3      | 2465 ||| READING scroll labelled MELATAIDIY.
  2515 | D:4      | Reached skill level 1 in Armour
  2585 | D:4      | Noticed a wyvern
  2653 | D:4      | Reached skill level 10 in Ranged Weapons
  2669 | D:4      | Reached skill level 3 in Dodging
  2780 | D:4      | Killed a wyvern
  2781 | D:4      | Reached XP level 7. HP: 24/40 MP: 9/9
  2843 | D:4      | Identified the +0 orcbow of Zaixijing {freeze, Int+3}
  2845 | D:4      | 2845 ||| SWAPPING to +0 orcbow of Zaixijing {freeze,
                  | Int+3}.
  2846 | D:4      | 2846 ||| DROPPING +2 shortbow.
  2978 | D:4      | 2978 ||| Stepping ~*~*~tactically~*~*~ (outnumbered).
  2981 | D:4      | 2981 ||| Stepping ~*~*~tactically~*~*~ (outnumbered).
  2985 | D:4      | 2985 ||| DRINKING 3 potions of curing.
  2985 | D:4      | 2985 ||| (to cure confusion)
  2986 | D:4      | 2986 ||| DRINKING 2 potions of curing.
  2986 | D:4      | 2986 ||| (to cure confusion)
  2998 | D:4      | Reached skill level 11 in Ranged Weapons
  3089 | D:4      | Found a hide-covered altar of Uskayaw.
  3106 | D:4      | Found a sacrificial altar of Ru.
  3549 | D:4      | 3549 ||| UPGRADING to ring of protection from cold.
  3550 | D:4      | 3550 ||| READING scroll labelled IFAGELAGHU.
  3551 | D:4      | 3551 ||| READING 2 scrolls of identify.
  3551 | D:4      | 3551 ||| IDENTIFYING inky potion
  3572 | D:5      | Entered Level 5 of the Dungeon
  3621 | D:5      | Reached skill level 12 in Ranged Weapons
  3802 | D:5      | Reached skill level 3 in Fighting
  3802 | D:5      | Reached XP level 8. HP: 46/46 MP: 10/10
  3840 | D:5      | Found a shadowy altar of Dithmenos.
  3840 | D:5      | Found a white marble altar of Elyvilon.
  3895 | D:5      | HP: 7/43 [wight/+0 spear (4)]
  3896 | D:5      | 3896 ||| READING scroll of teleportation.
  3896 | D:5      | HP: 2/42 [wight/+0 spear (5)]
  3896 | D:5      | Slain by a wight

Levels and vault maps discovered:
D:1:      mrwooster_arrival_statue_2, layout_basic, serial_forest,
          infiniplex_forest_straight_4, infiniplex_forest_end_2,
          infiniplex_forest_lined_room_3, infiniplex_forest_end_3,
          nrook_mini_backslash
D:2:      layout_basic, uniq_jessica
D:3:      layout_basic, mainiacjoe_overflow_catwalk,
          nicolae_ecumenical_snake_handling, uniq_terence
D:4:      minmay_clustersquares, layout_loops_ring,
          mainiacjoe_overflow_catch_the_wave
D:5:      black_bear_nest_2, layout_gridville, gammafunk_temple_overflow_pools,
          st_stairs_3, minmay_misc_feat_x

Skill      XL: |  1  2  3  4  5  6  7 |
---------------+----------------------+-----
Ranged Weapons | 6 7 8 9 10 12 | 12.1
Fighting       | 2 3 |  3.0
Armour         | 1 |  1.0
Dodging        | 3 |  3.6
Stealth        | |  1.2

Action                     |  1- 3 |  4- 6 |  7- 9 || total
---------------------------+-------+-------+-------++-------
   Fire: Shortbow          |    80 |   184 |       ||   264
         Orcbow            |       |       |    90 ||    90
    Use: Scroll            |     2 |     4 |     3 ||     9
         Potion            |     2 |     1 |     2 ||     5
 Armour: Leather armour    |     2 |       |       ||     2
         Ring mail         |       |    39 |    15 ||    54
  Dodge: Dodged            |    11 |    55 |    17 ||    83

Table legend:
 A = Non-vault XP
 B = Vault XP
 C = Vault XP percentage of total XP
 D = Non-vault monster count
 E = Vault monster count
 F = Vault count percentage of total count
                 A         B        C        D         E       F
            +---------+---------+-------+---------+---------+-------
      Total |     982 |     521 |  34.7 |      98 |      18 |  15.5
            +---------+---------+-------+---------+---------+-------
        D:1 |      45 |       0 |   0.0 |      22 |       0 |   0.0
        D:2 |     142 |      37 |  20.7 |      30 |       1 |   3.2
        D:3 |     141 |      53 |  27.3 |      15 |       5 |  25.0
        D:4 |     368 |     417 |  53.1 |      25 |      11 |  30.6
        D:5 |     286 |      14 |   4.7 |       6 |       1 |  14.3
            +---------+---------+-------+---------+---------+-------
